cohdb
Replays
Latest Replays
All Replays
Popular Replays
Top Player Replays
Match Explorer
How It Works
Community
CoH3 Stats
Reddit
Sign in to upload your games and track your stats! →
Sign in with Steam
Match 45786458
Unlisted
Match 45786458
Overview
Messages
Build Orders
End
Construct Barracks
Engineer Squad
1⁄4-ton 4x4 Truck
Selects Advanced Infantry Battlegroup
M1 Mortar Team
M1 Mortar Team
Infantry Support Center
Riflemen Squad
Selects Convert to Ranger Squad
Convert to Ranger Squad
Construct Motor Pool
M8 Greyhound Armored Car
Selects Frontline Medical Station
Frontline Medical Station
M1 Anti-tank Gun Team
Engineer Squad
Ranger Squad
Advanced Logistics
Implacable
幻想r
MG22
勇爷来也
Callsign: "Clowndog Zulu"
Victor #52
Clowndog Kilo Papa 'Kpen'
DebaKLeTV
0
0
Comments
sign in to comment!
No comments posted yet!